%YAML 1.1
%TAG !u! tag:unity3d.com,2011:
--- !u!1 &2062295034377432932
GameObject:
  m_ObjectHideFlags: 0
  m_CorrespondingSourceObject: {fileID: 0}
  m_PrefabInstance: {fileID: 0}
  m_PrefabAsset: {fileID: 0}
  serializedVersion: 6
  m_Component:
  - component: {fileID: 3987607381434680706}
  - component: {fileID: 3145586562875744527}
  m_Layer: 0
  m_Name: Poravnavanje
  m_TagString: Untagged
  m_Icon: {fileID: 0}
  m_NavMeshLayer: 0
  m_StaticEditorFlags: 0
  m_IsActive: 1
--- !u!4 &3987607381434680706
Transform:
  m_ObjectHideFlags: 0
  m_CorrespondingSourceObject: {fileID: 0}
  m_PrefabInstance: {fileID: 0}
  m_PrefabAsset: {fileID: 0}
  m_GameObject: {fileID: 2062295034377432932}
  m_LocalRotation: {x: -0, y: -0, z: -0, w: 1}
  m_LocalPosition: {x: 0, y: 0, z: 0}
  m_LocalScale: {x: 1, y: 1, z: 1}
  m_Children:
  - {fileID: 300994829293227951}
  - {fileID: 8488888647345815918}
  - {fileID: 3560721502616619813}
  - {fileID: 6926868010951952167}
  - {fileID: 2166857186220736383}
  - {fileID: 3828542340279699241}
  m_Father: {fileID: 2741600072546878905}
  m_RootOrder: 0
  m_LocalEulerAnglesHint: {x: 0, y: 0, z: 0}
--- !u!156049354 &3145586562875744527
Grid:
  m_ObjectHideFlags: 0
  m_CorrespondingSourceObject: {fileID: 0}
  m_PrefabInstance: {fileID: 0}
  m_PrefabAsset: {fileID: 0}
  m_GameObject: {fileID: 2062295034377432932}
  m_Enabled: 1
  m_CellSize: {x: 0.01, y: 0.01, z: 0.01}
  m_CellGap: {x: 0, y: 0, z: 0}
  m_CellLayout: 0
  m_CellSwizzle: 0
--- !u!1 &2741600072546878906
GameObject:
  m_ObjectHideFlags: 0
  m_CorrespondingSourceObject: {fileID: 0}
  m_PrefabInstance: {fileID: 0}
  m_PrefabAsset: {fileID: 0}
  serializedVersion: 6
  m_Component:
  - component: {fileID: 2741600072546878905}
  m_Layer: 0
  m_Name: RCluster4
  m_TagString: Untagged
  m_Icon: {fileID: 0}
  m_NavMeshLayer: 0
  m_StaticEditorFlags: 0
  m_IsActive: 1
--- !u!4 &2741600072546878905
Transform:
  m_ObjectHideFlags: 0
  m_CorrespondingSourceObject: {fileID: 0}
  m_PrefabInstance: {fileID: 0}
  m_PrefabAsset: {fileID: 0}
  m_GameObject: {fileID: 2741600072546878906}
  m_LocalRotation: {x: 0, y: 0, z: 0, w: 1}
  m_LocalPosition: {x: 0, y: 0, z: 0}
  m_LocalScale: {x: 1, y: 1, z: 1}
  m_Children:
  - {fileID: 3987607381434680706}
  m_Father: {fileID: 0}
  m_RootOrder: 0
  m_LocalEulerAnglesHint: {x: 0, y: 0, z: 0}
--- !u!114 &4620718260566087914
MonoBehaviour:
  m_ObjectHideFlags: 0
  m_CorrespondingSourceObject: {fileID: 0}
  m_PrefabInstance: {fileID: 0}
  m_PrefabAsset: {fileID: 0}
  m_GameObject: {fileID: 3560721502616619812}
  m_Enabled: 1
  m_EditorHideFlags: 0
  m_Script: {fileID: 11500000, guid: 38d32a2f82ec1de47aedfc84b1a0367c, type: 3}
  m_Name: 
  m_EditorClassIdentifier: 
--- !u!1001 &956687816974569054
PrefabInstance:
  m_ObjectHideFlags: 0
  serializedVersion: 2
  m_Modification:
    m_TransformParent: {fileID: 3987607381434680706}
    m_Modifications:
    - target: {fileID: 1393001661345493280, guid: 263cadc0b71be2742b414cf477263e3e,
        type: 3}
      propertyPath: m_Name
      value: Room T (1)
      objectReference: {fileID: 0}
    - target: {fileID: 1393001661345493281, guid: 263cadc0b71be2742b414cf477263e3e,
        type: 3}
      propertyPath: m_LocalPosition.x
      value: 4
      objectReference: {fileID: 0}
    - target: {fileID: 1393001661345493281, guid: 263cadc0b71be2742b414cf477263e3e,
        type: 3}
      propertyPath: m_LocalPosition.y
      value: -4
      objectReference: {fileID: 0}
    - target: {fileID: 1393001661345493281, guid: 263cadc0b71be2742b414cf477263e3e,
        type: 3}
      propertyPath: m_LocalPosition.z
      value: 0
      objectReference: {fileID: 0}
    - target: {fileID: 1393001661345493281, guid: 263cadc0b71be2742b414cf477263e3e,
        type: 3}
      propertyPath: m_LocalRotation.x
      value: 0
      objectReference: {fileID: 0}
    - target: {fileID: 1393001661345493281, guid: 263cadc0b71be2742b414cf477263e3e,
        type: 3}
      propertyPath: m_LocalRotation.y
      value: 0
      objectReference: {fileID: 0}
    - target: {fileID: 1393001661345493281, guid: 263cadc0b71be2742b414cf477263e3e,
        type: 3}
      propertyPath: m_LocalRotation.z
      value: 0
      objectReference: {fileID: 0}
    - target: {fileID: 1393001661345493281, guid: 263cadc0b71be2742b414cf477263e3e,
        type: 3}
      propertyPath: m_LocalRotation.w
      value: 1
      objectReference: {fileID: 0}
    - target: {fileID: 1393001661345493281, guid: 263cadc0b71be2742b414cf477263e3e,
        type: 3}
      propertyPath: m_RootOrder
      value: 4
      objectReference: {fileID: 0}
    - target: {fileID: 1393001661345493281, guid: 263cadc0b71be2742b414cf477263e3e,
        type: 3}
      propertyPath: m_LocalEulerAnglesHint.x
      value: 0
      objectReference: {fileID: 0}
    - target: {fileID: 1393001661345493281, guid: 263cadc0b71be2742b414cf477263e3e,
        type: 3}
      propertyPath: m_LocalEulerAnglesHint.y
      value: 0
      objectReference: {fileID: 0}
    - target: {fileID: 1393001661345493281, guid: 263cadc0b71be2742b414cf477263e3e,
        type: 3}
      propertyPath: m_LocalEulerAnglesHint.z
      value: 0
      objectReference: {fileID: 0}
    - target: {fileID: 6599887360916191983, guid: 263cadc0b71be2742b414cf477263e3e,
        type: 3}
      propertyPath: reachable
      value: 0
      objectReference: {fileID: 0}
    - target: {fileID: 6599887360916191983, guid: 263cadc0b71be2742b414cf477263e3e,
        type: 3}
      propertyPath: securityAddon
      value: 
      objectReference: {fileID: 2570013056557105573}
    m_RemovedComponents: []
  m_SourcePrefab: {fileID: 100100000, guid: 263cadc0b71be2742b414cf477263e3e, type: 3}
--- !u!4 &2166857186220736383 stripped
Transform:
  m_CorrespondingSourceObject: {fileID: 1393001661345493281, guid: 263cadc0b71be2742b414cf477263e3e,
    type: 3}
  m_PrefabInstance: {fileID: 956687816974569054}
  m_PrefabAsset: {fileID: 0}
--- !u!1 &2570013056557105573 stripped
GameObject:
  m_CorrespondingSourceObject: {fileID: 3381169513398882299, guid: 263cadc0b71be2742b414cf477263e3e,
    type: 3}
  m_PrefabInstance: {fileID: 956687816974569054}
  m_PrefabAsset: {fileID: 0}
--- !u!1001 &2332076213134921558
PrefabInstance:
  m_ObjectHideFlags: 0
  serializedVersion: 2
  m_Modification:
    m_TransformParent: {fileID: 3987607381434680706}
    m_Modifications:
    - target: {fileID: 2625717081278709991, guid: 8abdde931c053eb4090664baa3fdfc7c,
        type: 3}
      propertyPath: m_Name
      value: WeakWallSpawnPoint
      objectReference: {fileID: 0}
    - target: {fileID: 2625717081278710009, guid: 8abdde931c053eb4090664baa3fdfc7c,
        type: 3}
      propertyPath: m_LocalPosition.x
      value: 6
      objectReference: {fileID: 0}
    - target: {fileID: 2625717081278710009, guid: 8abdde931c053eb4090664baa3fdfc7c,
        type: 3}
      propertyPath: m_LocalPosition.y
      value: -0.85
      objectReference: {fileID: 0}
    - target: {fileID: 2625717081278710009, guid: 8abdde931c053eb4090664baa3fdfc7c,
        type: 3}
      propertyPath: m_LocalPosition.z
      value: 0
      objectReference: {fileID: 0}
    - target: {fileID: 2625717081278710009, guid: 8abdde931c053eb4090664baa3fdfc7c,
        type: 3}
      propertyPath: m_LocalRotation.x
      value: 0
      objectReference: {fileID: 0}
    - target: {fileID: 2625717081278710009, guid: 8abdde931c053eb4090664baa3fdfc7c,
        type: 3}
      propertyPath: m_LocalRotation.y
      value: 0
      objectReference: {fileID: 0}
    - target: {fileID: 2625717081278710009, guid: 8abdde931c053eb4090664baa3fdfc7c,
        type: 3}
      propertyPath: m_LocalRotation.z
      value: 0
      objectReference: {fileID: 0}
    - target: {fileID: 2625717081278710009, guid: 8abdde931c053eb4090664baa3fdfc7c,
        type: 3}
      propertyPath: m_LocalRotation.w
      value: 1
      objectReference: {fileID: 0}
    - target: {fileID: 2625717081278710009, guid: 8abdde931c053eb4090664baa3fdfc7c,
        type: 3}
      propertyPath: m_RootOrder
      value: 0
      objectReference: {fileID: 0}
    - target: {fileID: 2625717081278710009, guid: 8abdde931c053eb4090664baa3fdfc7c,
        type: 3}
      propertyPath: m_LocalEulerAnglesHint.x
      value: 0
      objectReference: {fileID: 0}
    - target: {fileID: 2625717081278710009, guid: 8abdde931c053eb4090664baa3fdfc7c,
        type: 3}
      propertyPath: m_LocalEulerAnglesHint.y
      value: 0
      objectReference: {fileID: 0}
    - target: {fileID: 2625717081278710009, guid: 8abdde931c053eb4090664baa3fdfc7c,
        type: 3}
      propertyPath: m_LocalEulerAnglesHint.z
      value: 0
      objectReference: {fileID: 0}
    - target: {fileID: 2625717081278710008, guid: 8abdde931c053eb4090664baa3fdfc7c,
        type: 3}
      propertyPath: dir
      value: 2
      objectReference: {fileID: 0}
    m_RemovedComponents: []
  m_SourcePrefab: {fileID: 100100000, guid: 8abdde931c053eb4090664baa3fdfc7c, type: 3}
--- !u!4 &300994829293227951 stripped
Transform:
  m_CorrespondingSourceObject: {fileID: 2625717081278710009, guid: 8abdde931c053eb4090664baa3fdfc7c,
    type: 3}
  m_PrefabInstance: {fileID: 2332076213134921558}
  m_PrefabAsset: {fileID: 0}
--- !u!1001 &2467645998961916420
PrefabInstance:
  m_ObjectHideFlags: 0
  serializedVersion: 2
  m_Modification:
    m_TransformParent: {fileID: 3987607381434680706}
    m_Modifications:
    - target: {fileID: 1393001661345493280, guid: 390738c66bab1d64fa490e205f41a30f,
        type: 3}
      propertyPath: m_Name
      value: Room LR (1)
      objectReference: {fileID: 0}
    - target: {fileID: 1393001661345493281, guid: 390738c66bab1d64fa490e205f41a30f,
        type: 3}
      propertyPath: m_LocalPosition.x
      value: 0
      objectReference: {fileID: 0}
    - target: {fileID: 1393001661345493281, guid: 390738c66bab1d64fa490e205f41a30f,
        type: 3}
      propertyPath: m_LocalPosition.y
      value: 0
      objectReference: {fileID: 0}
    - target: {fileID: 1393001661345493281, guid: 390738c66bab1d64fa490e205f41a30f,
        type: 3}
      propertyPath: m_LocalPosition.z
      value: 0
      objectReference: {fileID: 0}
    - target: {fileID: 1393001661345493281, guid: 390738c66bab1d64fa490e205f41a30f,
        type: 3}
      propertyPath: m_LocalRotation.x
      value: 0
      objectReference: {fileID: 0}
    - target: {fileID: 1393001661345493281, guid: 390738c66bab1d64fa490e205f41a30f,
        type: 3}
      propertyPath: m_LocalRotation.y
      value: 0
      objectReference: {fileID: 0}
    - target: {fileID: 1393001661345493281, guid: 390738c66bab1d64fa490e205f41a30f,
        type: 3}
      propertyPath: m_LocalRotation.z
      value: 0
      objectReference: {fileID: 0}
    - target: {fileID: 1393001661345493281, guid: 390738c66bab1d64fa490e205f41a30f,
        type: 3}
      propertyPath: m_LocalRotation.w
      value: 1
      objectReference: {fileID: 0}
    - target: {fileID: 1393001661345493281, guid: 390738c66bab1d64fa490e205f41a30f,
        type: 3}
      propertyPath: m_RootOrder
      value: 2
      objectReference: {fileID: 0}
    - target: {fileID: 1393001661345493281, guid: 390738c66bab1d64fa490e205f41a30f,
        type: 3}
      propertyPath: m_LocalEulerAnglesHint.x
      value: 0
      objectReference: {fileID: 0}
    - target: {fileID: 1393001661345493281, guid: 390738c66bab1d64fa490e205f41a30f,
        type: 3}
      propertyPath: m_LocalEulerAnglesHint.y
      value: 0
      objectReference: {fileID: 0}
    - target: {fileID: 1393001661345493281, guid: 390738c66bab1d64fa490e205f41a30f,
        type: 3}
      propertyPath: m_LocalEulerAnglesHint.z
      value: 0
      objectReference: {fileID: 0}
    - target: {fileID: 3896265794236250049, guid: 390738c66bab1d64fa490e205f41a30f,
        type: 3}
      propertyPath: securityAddon
      value: 
      objectReference: {fileID: 9012785715509835455}
    - target: {fileID: 3896265794236250049, guid: 390738c66bab1d64fa490e205f41a30f,
        type: 3}
      propertyPath: reachable
      value: 0
      objectReference: {fileID: 0}
    - target: {fileID: 5717294487422263166, guid: 390738c66bab1d64fa490e205f41a30f,
        type: 3}
      propertyPath: reachable
      value: 0
      objectReference: {fileID: 0}
    - target: {fileID: 5717294487422263166, guid: 390738c66bab1d64fa490e205f41a30f,
        type: 3}
      propertyPath: securityAddon
      value: 
      objectReference: {fileID: 5498887509392822980}
    m_RemovedComponents: []
  m_SourcePrefab: {fileID: 100100000, guid: 390738c66bab1d64fa490e205f41a30f, type: 3}
--- !u!1 &3560721502616619812 stripped
GameObject:
  m_CorrespondingSourceObject: {fileID: 1393001661345493280, guid: 390738c66bab1d64fa490e205f41a30f,
    type: 3}
  m_PrefabInstance: {fileID: 2467645998961916420}
  m_PrefabAsset: {fileID: 0}
--- !u!4 &3560721502616619813 stripped
Transform:
  m_CorrespondingSourceObject: {fileID: 1393001661345493281, guid: 390738c66bab1d64fa490e205f41a30f,
    type: 3}
  m_PrefabInstance: {fileID: 2467645998961916420}
  m_PrefabAsset: {fileID: 0}
--- !u!1 &5498887509392822980 stripped
GameObject:
  m_CorrespondingSourceObject: {fileID: 7958194758985771200, guid: 390738c66bab1d64fa490e205f41a30f,
    type: 3}
  m_PrefabInstance: {fileID: 2467645998961916420}
  m_PrefabAsset: {fileID: 0}
--- !u!1 &9012785715509835455 stripped
GameObject:
  m_CorrespondingSourceObject: {fileID: 6858153396107758779, guid: 390738c66bab1d64fa490e205f41a30f,
    type: 3}
  m_PrefabInstance: {fileID: 2467645998961916420}
  m_PrefabAsset: {fileID: 0}
--- !u!1001 &2771219381213787656
PrefabInstance:
  m_ObjectHideFlags: 0
  serializedVersion: 2
  m_Modification:
    m_TransformParent: {fileID: 3987607381434680706}
    m_Modifications:
    - target: {fileID: 1393001661345493280, guid: 13bac231a2032f74eb8469e3ea7be2ba,
        type: 3}
      propertyPath: m_Name
      value: Room L (1)
      objectReference: {fileID: 0}
    - target: {fileID: 1393001661345493281, guid: 13bac231a2032f74eb8469e3ea7be2ba,
        type: 3}
      propertyPath: m_LocalPosition.x
      value: 8
      objectReference: {fileID: 0}
    - target: {fileID: 1393001661345493281, guid: 13bac231a2032f74eb8469e3ea7be2ba,
        type: 3}
      propertyPath: m_LocalPosition.y
      value: 0
      objectReference: {fileID: 0}
    - target: {fileID: 1393001661345493281, guid: 13bac231a2032f74eb8469e3ea7be2ba,
        type: 3}
      propertyPath: m_LocalPosition.z
      value: 0
      objectReference: {fileID: 0}
    - target: {fileID: 1393001661345493281, guid: 13bac231a2032f74eb8469e3ea7be2ba,
        type: 3}
      propertyPath: m_LocalRotation.x
      value: 0
      objectReference: {fileID: 0}
    - target: {fileID: 1393001661345493281, guid: 13bac231a2032f74eb8469e3ea7be2ba,
        type: 3}
      propertyPath: m_LocalRotation.y
      value: 0
      objectReference: {fileID: 0}
    - target: {fileID: 1393001661345493281, guid: 13bac231a2032f74eb8469e3ea7be2ba,
        type: 3}
      propertyPath: m_LocalRotation.z
      value: 0
      objectReference: {fileID: 0}
    - target: {fileID: 1393001661345493281, guid: 13bac231a2032f74eb8469e3ea7be2ba,
        type: 3}
      propertyPath: m_LocalRotation.w
      value: 1
      objectReference: {fileID: 0}
    - target: {fileID: 1393001661345493281, guid: 13bac231a2032f74eb8469e3ea7be2ba,
        type: 3}
      propertyPath: m_RootOrder
      value: 5
      objectReference: {fileID: 0}
    - target: {fileID: 1393001661345493281, guid: 13bac231a2032f74eb8469e3ea7be2ba,
        type: 3}
      propertyPath: m_LocalEulerAnglesHint.x
      value: 0
      objectReference: {fileID: 0}
    - target: {fileID: 1393001661345493281, guid: 13bac231a2032f74eb8469e3ea7be2ba,
        type: 3}
      propertyPath: m_LocalEulerAnglesHint.y
      value: 0
      objectReference: {fileID: 0}
    - target: {fileID: 1393001661345493281, guid: 13bac231a2032f74eb8469e3ea7be2ba,
        type: 3}
      propertyPath: m_LocalEulerAnglesHint.z
      value: 0
      objectReference: {fileID: 0}
    - target: {fileID: 5717294487422263166, guid: 13bac231a2032f74eb8469e3ea7be2ba,
        type: 3}
      propertyPath: reachable
      value: 0
      objectReference: {fileID: 0}
    - target: {fileID: 5717294487422263166, guid: 13bac231a2032f74eb8469e3ea7be2ba,
        type: 3}
      propertyPath: securityAddon
      value: 
      objectReference: {fileID: 5189403101099204296}
    m_RemovedComponents: []
  m_SourcePrefab: {fileID: 100100000, guid: 13bac231a2032f74eb8469e3ea7be2ba, type: 3}
--- !u!4 &3828542340279699241 stripped
Transform:
  m_CorrespondingSourceObject: {fileID: 1393001661345493281, guid: 13bac231a2032f74eb8469e3ea7be2ba,
    type: 3}
  m_PrefabInstance: {fileID: 2771219381213787656}
  m_PrefabAsset: {fileID: 0}
--- !u!1 &5189403101099204296 stripped
GameObject:
  m_CorrespondingSourceObject: {fileID: 7958194758985771200, guid: 13bac231a2032f74eb8469e3ea7be2ba,
    type: 3}
  m_PrefabInstance: {fileID: 2771219381213787656}
  m_PrefabAsset: {fileID: 0}
--- !u!1001 &4371319251634365782
PrefabInstance:
  m_ObjectHideFlags: 0
  serializedVersion: 2
  m_Modification:
    m_TransformParent: {fileID: 3560721502616619813}
    m_Modifications:
    - target: {fileID: 3345791331310210541, guid: ade07b99e5bffac48ad00d520f67c0fd,
        type: 3}
      propertyPath: m_Name
      value: KeySpawn
      objectReference: {fileID: 0}
    - target: {fileID: 5057191478908044712, guid: ade07b99e5bffac48ad00d520f67c0fd,
        type: 3}
      propertyPath: m_LocalPosition.x
      value: -1.14
      objectReference: {fileID: 0}
    - target: {fileID: 5057191478908044712, guid: ade07b99e5bffac48ad00d520f67c0fd,
        type: 3}
      propertyPath: m_LocalPosition.y
      value: 0.37
      objectReference: {fileID: 0}
    - target: {fileID: 5057191478908044712, guid: ade07b99e5bffac48ad00d520f67c0fd,
        type: 3}
      propertyPath: m_LocalPosition.z
      value: 0
      objectReference: {fileID: 0}
    - target: {fileID: 5057191478908044712, guid: ade07b99e5bffac48ad00d520f67c0fd,
        type: 3}
      propertyPath: m_LocalRotation.x
      value: 0
      objectReference: {fileID: 0}
    - target: {fileID: 5057191478908044712, guid: ade07b99e5bffac48ad00d520f67c0fd,
        type: 3}
      propertyPath: m_LocalRotation.y
      value: 0
      objectReference: {fileID: 0}
    - target: {fileID: 5057191478908044712, guid: ade07b99e5bffac48ad00d520f67c0fd,
        type: 3}
      propertyPath: m_LocalRotation.z
      value: 0
      objectReference: {fileID: 0}
    - target: {fileID: 5057191478908044712, guid: ade07b99e5bffac48ad00d520f67c0fd,
        type: 3}
      propertyPath: m_LocalRotation.w
      value: 1
      objectReference: {fileID: 0}
    - target: {fileID: 5057191478908044712, guid: ade07b99e5bffac48ad00d520f67c0fd,
        type: 3}
      propertyPath: m_RootOrder
      value: 1
      objectReference: {fileID: 0}
    - target: {fileID: 5057191478908044712, guid: ade07b99e5bffac48ad00d520f67c0fd,
        type: 3}
      propertyPath: m_LocalEulerAnglesHint.x
      value: 0
      objectReference: {fileID: 0}
    - target: {fileID: 5057191478908044712, guid: ade07b99e5bffac48ad00d520f67c0fd,
        type: 3}
      propertyPath: m_LocalEulerAnglesHint.y
      value: 0
      objectReference: {fileID: 0}
    - target: {fileID: 5057191478908044712, guid: ade07b99e5bffac48ad00d520f67c0fd,
        type: 3}
      propertyPath: m_LocalEulerAnglesHint.z
      value: 0
      objectReference: {fileID: 0}
    m_RemovedComponents: []
  m_SourcePrefab: {fileID: 100100000, guid: ade07b99e5bffac48ad00d520f67c0fd, type: 3}
--- !u!1001 &5488203675206242408
PrefabInstance:
  m_ObjectHideFlags: 0
  serializedVersion: 2
  m_Modification:
    m_TransformParent: {fileID: 3828542340279699241}
    m_Modifications:
    - target: {fileID: 3345791331310210541, guid: ade07b99e5bffac48ad00d520f67c0fd,
        type: 3}
      propertyPath: m_Name
      value: KeySpawn
      objectReference: {fileID: 0}
    - target: {fileID: 5057191478908044712, guid: ade07b99e5bffac48ad00d520f67c0fd,
        type: 3}
      propertyPath: m_LocalPosition.x
      value: 0.6899996
      objectReference: {fileID: 0}
    - target: {fileID: 5057191478908044712, guid: ade07b99e5bffac48ad00d520f67c0fd,
        type: 3}
      propertyPath: m_LocalPosition.y
      value: -0.695
      objectReference: {fileID: 0}
    - target: {fileID: 5057191478908044712, guid: ade07b99e5bffac48ad00d520f67c0fd,
        type: 3}
      propertyPath: m_LocalPosition.z
      value: 0
      objectReference: {fileID: 0}
    - target: {fileID: 5057191478908044712, guid: ade07b99e5bffac48ad00d520f67c0fd,
        type: 3}
      propertyPath: m_LocalRotation.x
      value: 0
      objectReference: {fileID: 0}
    - target: {fileID: 5057191478908044712, guid: ade07b99e5bffac48ad00d520f67c0fd,
        type: 3}
      propertyPath: m_LocalRotation.y
      value: 0
      objectReference: {fileID: 0}
    - target: {fileID: 5057191478908044712, guid: ade07b99e5bffac48ad00d520f67c0fd,
        type: 3}
      propertyPath: m_LocalRotation.z
      value: 0
      objectReference: {fileID: 0}
    - target: {fileID: 5057191478908044712, guid: ade07b99e5bffac48ad00d520f67c0fd,
        type: 3}
      propertyPath: m_LocalRotation.w
      value: 1
      objectReference: {fileID: 0}
    - target: {fileID: 5057191478908044712, guid: ade07b99e5bffac48ad00d520f67c0fd,
        type: 3}
      propertyPath: m_RootOrder
      value: 1
      objectReference: {fileID: 0}
    - target: {fileID: 5057191478908044712, guid: ade07b99e5bffac48ad00d520f67c0fd,
        type: 3}
      propertyPath: m_LocalEulerAnglesHint.x
      value: 0
      objectReference: {fileID: 0}
    - target: {fileID: 5057191478908044712, guid: ade07b99e5bffac48ad00d520f67c0fd,
        type: 3}
      propertyPath: m_LocalEulerAnglesHint.y
      value: 0
      objectReference: {fileID: 0}
    - target: {fileID: 5057191478908044712, guid: ade07b99e5bffac48ad00d520f67c0fd,
        type: 3}
      propertyPath: m_LocalEulerAnglesHint.z
      value: 0
      objectReference: {fileID: 0}
    m_RemovedComponents: []
  m_SourcePrefab: {fileID: 100100000, guid: ade07b99e5bffac48ad00d520f67c0fd, type: 3}
--- !u!1001 &5890423512189878679
PrefabInstance:
  m_ObjectHideFlags: 0
  serializedVersion: 2
  m_Modification:
    m_TransformParent: {fileID: 3987607381434680706}
    m_Modifications:
    - target: {fileID: 2625717081278709991, guid: 8abdde931c053eb4090664baa3fdfc7c,
        type: 3}
      propertyPath: m_Name
      value: WeakWallSpawnPoint (1)
      objectReference: {fileID: 0}
    - target: {fileID: 2625717081278710009, guid: 8abdde931c053eb4090664baa3fdfc7c,
        type: 3}
      propertyPath: m_LocalPosition.x
      value: 2.915
      objectReference: {fileID: 0}
    - target: {fileID: 2625717081278710009, guid: 8abdde931c053eb4090664baa3fdfc7c,
        type: 3}
      propertyPath: m_LocalPosition.y
      value: -2.01
      objectReference: {fileID: 0}
    - target: {fileID: 2625717081278710009, guid: 8abdde931c053eb4090664baa3fdfc7c,
        type: 3}
      propertyPath: m_LocalPosition.z
      value: 0
      objectReference: {fileID: 0}
    - target: {fileID: 2625717081278710009, guid: 8abdde931c053eb4090664baa3fdfc7c,
        type: 3}
      propertyPath: m_LocalRotation.x
      value: 0
      objectReference: {fileID: 0}
    - target: {fileID: 2625717081278710009, guid: 8abdde931c053eb4090664baa3fdfc7c,
        type: 3}
      propertyPath: m_LocalRotation.y
      value: 0
      objectReference: {fileID: 0}
    - target: {fileID: 2625717081278710009, guid: 8abdde931c053eb4090664baa3fdfc7c,
        type: 3}
      propertyPath: m_LocalRotation.z
      value: 0
      objectReference: {fileID: 0}
    - target: {fileID: 2625717081278710009, guid: 8abdde931c053eb4090664baa3fdfc7c,
        type: 3}
      propertyPath: m_LocalRotation.w
      value: 1
      objectReference: {fileID: 0}
    - target: {fileID: 2625717081278710009, guid: 8abdde931c053eb4090664baa3fdfc7c,
        type: 3}
      propertyPath: m_RootOrder
      value: 1
      objectReference: {fileID: 0}
    - target: {fileID: 2625717081278710009, guid: 8abdde931c053eb4090664baa3fdfc7c,
        type: 3}
      propertyPath: m_LocalEulerAnglesHint.x
      value: 0
      objectReference: {fileID: 0}
    - target: {fileID: 2625717081278710009, guid: 8abdde931c053eb4090664baa3fdfc7c,
        type: 3}
      propertyPath: m_LocalEulerAnglesHint.y
      value: 0
      objectReference: {fileID: 0}
    - target: {fileID: 2625717081278710009, guid: 8abdde931c053eb4090664baa3fdfc7c,
        type: 3}
      propertyPath: m_LocalEulerAnglesHint.z
      value: 0
      objectReference: {fileID: 0}
    m_RemovedComponents: []
  m_SourcePrefab: {fileID: 100100000, guid: 8abdde931c053eb4090664baa3fdfc7c, type: 3}
--- !u!4 &8488888647345815918 stripped
Transform:
  m_CorrespondingSourceObject: {fileID: 2625717081278710009, guid: 8abdde931c053eb4090664baa3fdfc7c,
    type: 3}
  m_PrefabInstance: {fileID: 5890423512189878679}
  m_PrefabAsset: {fileID: 0}
--- !u!1001 &8319769604524619270
PrefabInstance:
  m_ObjectHideFlags: 0
  serializedVersion: 2
  m_Modification:
    m_TransformParent: {fileID: 3987607381434680706}
    m_Modifications:
    - target: {fileID: 1393001661345493280, guid: 71a079d4d8d59924db0612764af4072f,
        type: 3}
      propertyPath: m_Name
      value: Room BLR (1)
      objectReference: {fileID: 0}
    - target: {fileID: 1393001661345493281, guid: 71a079d4d8d59924db0612764af4072f,
        type: 3}
      propertyPath: m_LocalPosition.x
      value: 4
      objectReference: {fileID: 0}
    - target: {fileID: 1393001661345493281, guid: 71a079d4d8d59924db0612764af4072f,
        type: 3}
      propertyPath: m_LocalPosition.y
      value: 0
      objectReference: {fileID: 0}
    - target: {fileID: 1393001661345493281, guid: 71a079d4d8d59924db0612764af4072f,
        type: 3}
      propertyPath: m_LocalPosition.z
      value: 0
      objectReference: {fileID: 0}
    - target: {fileID: 1393001661345493281, guid: 71a079d4d8d59924db0612764af4072f,
        type: 3}
      propertyPath: m_LocalRotation.x
      value: 0
      objectReference: {fileID: 0}
    - target: {fileID: 1393001661345493281, guid: 71a079d4d8d59924db0612764af4072f,
        type: 3}
      propertyPath: m_LocalRotation.y
      value: 0
      objectReference: {fileID: 0}
    - target: {fileID: 1393001661345493281, guid: 71a079d4d8d59924db0612764af4072f,
        type: 3}
      propertyPath: m_LocalRotation.z
      value: 0
      objectReference: {fileID: 0}
    - target: {fileID: 1393001661345493281, guid: 71a079d4d8d59924db0612764af4072f,
        type: 3}
      propertyPath: m_LocalRotation.w
      value: 1
      objectReference: {fileID: 0}
    - target: {fileID: 1393001661345493281, guid: 71a079d4d8d59924db0612764af4072f,
        type: 3}
      propertyPath: m_RootOrder
      value: 3
      objectReference: {fileID: 0}
    - target: {fileID: 1393001661345493281, guid: 71a079d4d8d59924db0612764af4072f,
        type: 3}
      propertyPath: m_LocalEulerAnglesHint.x
      value: 0
      objectReference: {fileID: 0}
    - target: {fileID: 1393001661345493281, guid: 71a079d4d8d59924db0612764af4072f,
        type: 3}
      propertyPath: m_LocalEulerAnglesHint.y
      value: 0
      objectReference: {fileID: 0}
    - target: {fileID: 1393001661345493281, guid: 71a079d4d8d59924db0612764af4072f,
        type: 3}
      propertyPath: m_LocalEulerAnglesHint.z
      value: 0
      objectReference: {fileID: 0}
    - target: {fileID: 3896265794236250049, guid: 71a079d4d8d59924db0612764af4072f,
        type: 3}
      propertyPath: reachable
      value: 0
      objectReference: {fileID: 0}
    - target: {fileID: 3896265794236250049, guid: 71a079d4d8d59924db0612764af4072f,
        type: 3}
      propertyPath: securityAddon
      value: 
      objectReference: {fileID: 3195528568531352253}
    - target: {fileID: 3734515531727434963, guid: 71a079d4d8d59924db0612764af4072f,
        type: 3}
      propertyPath: reachable
      value: 0
      objectReference: {fileID: 0}
    - target: {fileID: 3734515531727434963, guid: 71a079d4d8d59924db0612764af4072f,
        type: 3}
      propertyPath: alwaysRegular
      value: 0
      objectReference: {fileID: 0}
    - target: {fileID: 3734515531727434963, guid: 71a079d4d8d59924db0612764af4072f,
        type: 3}
      propertyPath: securityAddon
      value: 
      objectReference: {fileID: 795506020452816292}
    - target: {fileID: 5717294487422263166, guid: 71a079d4d8d59924db0612764af4072f,
        type: 3}
      propertyPath: reachable
      value: 0
      objectReference: {fileID: 0}
    - target: {fileID: 5717294487422263166, guid: 71a079d4d8d59924db0612764af4072f,
        type: 3}
      propertyPath: securityAddon
      value: 
      objectReference: {fileID: 2091057364574723782}
    m_RemovedComponents: []
  m_SourcePrefab: {fileID: 100100000, guid: 71a079d4d8d59924db0612764af4072f, type: 3}
--- !u!4 &6926868010951952167 stripped
Transform:
  m_CorrespondingSourceObject: {fileID: 1393001661345493281, guid: 71a079d4d8d59924db0612764af4072f,
    type: 3}
  m_PrefabInstance: {fileID: 8319769604524619270}
  m_PrefabAsset: {fileID: 0}
--- !u!1 &795506020452816292 stripped
GameObject:
  m_CorrespondingSourceObject: {fileID: 8682930060724691874, guid: 71a079d4d8d59924db0612764af4072f,
    type: 3}
  m_PrefabInstance: {fileID: 8319769604524619270}
  m_PrefabAsset: {fileID: 0}
--- !u!1 &2091057364574723782 stripped
GameObject:
  m_CorrespondingSourceObject: {fileID: 7958194758985771200, guid: 71a079d4d8d59924db0612764af4072f,
    type: 3}
  m_PrefabInstance: {fileID: 8319769604524619270}
  m_PrefabAsset: {fileID: 0}
--- !u!1 &3195528568531352253 stripped
GameObject:
  m_CorrespondingSourceObject: {fileID: 6858153396107758779, guid: 71a079d4d8d59924db0612764af4072f,
    type: 3}
  m_PrefabInstance: {fileID: 8319769604524619270}
  m_PrefabAsset: {fileID: 0}
